 Dungeon Crawl Stone Soup version 0.26-a0-660-gc07710193c (webtiles) character file.

Game seed: 9614827849440976611

674 halkony2012 the Basher (level 7, -10/57 HPs)
             Began as a Minotaur Berserker on Oct 5, 2020.
             Was a Believer of Trog.
             Killed from afar by a jackal (57 damage)
             ... with an exploding inner flame
             ... hexed by the player character
             ... on level 4 of the Dungeon.
             The game lasted 00:10:34 (3258 turns).

halkony2012 the Basher (Minotaur Berserker)         Turns: 3258, Time: 00:10:34

Health: -10/57     AC:  8    Str: 23    XL:     7   Next: 33%
Magic:  6/6        EV: 11    Int:  4    God:    Trog [**....]
Gold:   287        SH:  5    Dex: 10    Spells: 6/6 levels left

rFire    x . .     SeeInvis .   a - +1 mace
rCold    + . .     Faith    .   (no shield)
rNeg     . . .     Spirit   .   m - +0 ring mail
rPois    .         Reflect  +   (helmet restricted)
rElec    .         Harm     .   o - +2 cloak
rCorr    +         Rampage  .   (no gloves)
MR       ++...                  (no boots)
Stlth    ..........             g - amulet of reflection
HPRegen  1.19/turn              j - ring of ice
MPRegen  0.10/turn              s - ring of resist corrosion

@: about to teleport, marked, regenerating, glowing
A: retaliatory headbutt, horns 2
a: Berserk, Trog's Hand, Renounce Religion


You were on level 4 of the Dungeon.
You worshipped Trog.
Trog was pleased with you.
You visited 1 branch of the dungeon, and saw 4 of its levels.

You collected 287 gold pieces.

Inventory:

Hand Weapons
 a - a +1 mace (weapon)
Armour
 b - a +0 animal skin
 d - a +0 chain mail
 m - a +0 ring mail (worn)
 o - a +2 cloak (worn)
 q - a +0 kite shield
Jewellery
 g - an amulet of reflection (around neck)
 j - a ring of ice (left hand)
 s - a ring of resist corrosion (right hand)
Scrolls
 e - a scroll of amnesia {unknown}
 h - 2 scrolls of enchant weapon
Potions
 c - a potion of stabbing {unknown}
 f - 3 potions of curing
 i - a potion of berserk rage {unknown}
 n - 3 potions of flight
 u - a potion of lignification


   Skills:
 - Level 3.6 Fighting
 * Level 10.0 Maces & Flails
 - Level 2.4 Armour
 - Level 2.1 Dodging
 - Level 0.1 Stealth
 + Level 1.6 Shields


You had 6 spell levels left.
You didn't know any spells.
Your spell library was empty.

Dungeon Overview and Level Annotations

Branches:
Dungeon (4/15)             Temple (0/1) D:4

Altars:
Xom

Shops:
D:4 [


Innate Abilities, Weirdness & Mutations

You reflexively headbutt those who attack you in melee.
You have a pair of horns on your head.


Message History

The jackal closely misses you. You furiously retaliate!
You headbutt the jackal!
The jackal explodes!
The fiery explosion engulfs the jackal!!
The jackal explodes!
Trog accepts your kill.
You feel a bit more experienced. Trog accepts your kill.
You feel a bit more experienced.
The fiery explosion engulfs the jackal!!
The jackal explodes!
Trog accepts your kill.
Your Maces & Flails skill increases to level 10!
You feel a bit more experienced. Trog accepts your kill. x2
You feel a bit more experienced. Trog accepts your kill.
The fiery explosion engulfs you!!! The fire burns you terribly!
Ouch! That really hurt!
You die...

≈≈≈≈≈≈≈≈≈≈≈≈≈≈≈≈≈≈....≈≈≈≈≈≈≈
≈#####≈≈≈≈≈≈≈≈≈≈≈≈....≈≈≈≈≈≈≈
#.. #.......................
#...#############''''#######
#'#....'......#....#
#......#.##.###....# ###....#
#. h#....#
#.##''#########.)..#
#.......h§§@gg#....#
#.....ggg§#8g§§O...+
#.##'g##..#8gg§g...+
###....#...§.§#8..8#
..g...############# #'#....+
...###### ..


You could see 5 gnolls.

Vanquished Creatures
  2 ogres (D:4)
  A howler monkey (D:4)
  An orc priest (D:4)
  An orc wizard (D:4)
  3 gnoll shamans (D:4)
  A centaur skeleton (D:4)
  Crazy Yiuf (D:2)
  12 gnolls
  6 adders
  An ooze (D:4)
  A worm (D:4)
  A dart slug (D:1)
  A leopard gecko (D:3)
  13 orcs
  4 giant cockroaches
  3 goblins (D:1)
  7 hobgoblins
  7 jackals (D:4)
  8 kobolds
  A quokka (D:3)
  A ball python (D:2)
  3 bats
  7 frilled lizards
  7 rats
93 creatures vanquished.

Vanquished Creatures (others)
  4 plants (D:3)
4 creatures vanquished.

Grand Total: 97 creatures vanquished

Notes
Turn   | Place    | Note
-------+----------+-------------------------------------------
     0 | D:1      | halkony2012 the Minotaur Berserker began the quest for the
                  | Orb.
     0 | D:1      | Reached XP level 1. HP: 19/19 MP: 0/0
   142 | D:1      | Reached skill level 4 in Maces & Flails
   445 | D:1      | Reached XP level 2. HP: 25/26 MP: 1/1
   613 | D:1      | Reached skill level 5 in Maces & Flails
   613 | D:1      | Reached XP level 3. HP: 31/31 MP: 2/2
   725 | D:1      | Found a shimmering altar of Xom.
  1147 | D:2      | Found a runed translucent door.
  1148 | D:2      | Noticed Crazy Yiuf
  1620 | D:2      | Killed Crazy Yiuf
  1620 | D:2      | Reached skill level 6 in Maces & Flails
  1620 | D:2      | Reached XP level 4. HP: 39/39 MP: 3/3
  1744 | D:3      | Reached ** piety under Trog
  2257 | D:3      | Reached XP level 5. HP: 40/45 MP: 4/4
  2266 | D:3      | Reached skill level 7 in Maces & Flails
  2478 | D:4      | Found Liuhej's Antique Armour Shop.
  2518 | D:4      | Noticed an ogre
  2524 | D:4      | Killed an ogre
  2524 | D:4      | Reached skill level 8 in Maces & Flails
  2524 | D:4      | Reached XP level 6. HP: 33/51 MP: 5/5
  2682 | D:4      | Reached skill level 1 in Shields
  2737 | D:4      | Reached skill level 9 in Maces & Flails
  2895 | D:4      | Found a staircase to the Ecumenical Temple.
  3016 | D:4      | Reached XP level 7. HP: 57/57 MP: 6/6
  3258 | D:4      | Reached skill level 10 in Maces & Flails
  3258 | D:4      | Killed from afar by a jackal

Illustrated notes

Levels and vault maps discovered:
D:1:      psy_arrival_terrarium, layout_rooms, xom_teletrap_fun
D:2:      layout_loops_corners, nicolae_overflow_hidden_temple,
          uniq_crazy_yiuf_cottage
D:3:      cheibrodos_old_hovel, layout_basic
D:4:      lemuel_castle_with_subvaults [lemuel_castle_interior_carwin_2],
          layout_basic, overflow_temple_1_default,
          minmay_temple_entry_offerings, serial_shops, nicolae_shop_crystal,
          hex_large

Skill      XL: |  1  2  3  4  5  6  7 |
---------------+----------------------+-----
Maces & Flails | 4 5 6 8 9 10 | 10.0
Shields        | 1 |  1.6
Fighting       | |  3.6
Armour         | |  2.4
Dodging        | |  2.1
Stealth        | |  0.1

Action                   |  1- 3 |  4- 6 |  7- 9 || total
-------------------------+-------+-------+-------++-------
Melee: Mace              |    59 |   118 |    32 ||   209
       Headbutt          |    14 |    14 |       ||    28
Invok: Berserk           |     1 |     2 |       ||     3
       Trog's Hand       |       |     2 |     2 ||     4
  Use: Scroll            |       |     3 |     5 ||     8
       Potion            |       |       |     1 ||     1
Armor: Animal skin       |     2 |       |       ||     2
       Chain mail        |     7 |       |       ||     7
       Ring mail         |       |    34 |     8 ||    42
       Skin              |       |       |     4 ||     4
Dodge: Dodged            |    35 |    45 |    21 ||   101
Block: Other             |     4 |    24 |    11 ||    39
       Reflection        |     2 |     3 |       ||     5

Table legend: (Time is in decaauts)
 A = Elapsed time spent in this place.
 B = Non-inter-level travel time spent in this place.
 C = Inter-level travel time spent in this place.
 D = Time resting spent in this place.
 E = Time spent auto-exploring this place.
 F = Levels seen in this place.
 G = Mean time per level.
                   A        B        C        D        E       F      G
               +--------+--------+--------+--------+--------+-----+--------+
         Total |   3292 |   3178 |    114 |    438 |   2145 |   4 |  823.0 |
       Dungeon |   3292 |   3178 |    114 |    438 |   2145 |   4 |  823.0 |
               +--------+--------+--------+--------+--------+-----+--------+

Top non-repeatable levels by time:
     D:2: 949 daAuts
     D:4: 873 daAuts
     D:1: 794 daAuts
     D:3: 674 daAuts
